 Dungeon Crawl Stone Soup version 0.19-a0-1064-geb5102e (webtiles) character file.

23 GordonOverkill the Chopper (level 2, 0/26 HPs)
             Began as a Draconian Wanderer on Aug 3, 2016.
             Slain by an adder (5 damage)
             ... on level 1 of the Dungeon.
             The game lasted 00:02:24 (949 turns).

GordonOverkill the Chopper (Draconian Wanderer)      Turns: 949, Time: 00:02:24

Health: 0/26       AC:  5    Str: 12 (14) XL:     2   Next: 72%
Magic:  2/2        EV: 11    Int:  9 (11) God:
Gold:   21         SH:  0    Dex: 10 (11) Spells: 0 memorised, 1 level left

rFire  . . .     SeeInvis .     c - +0 hand axe
rCold  . . .     Gourm    .     (armour unavailable)
rNeg   . . .     Faith    .     (no shield)
rPois  .         Spirit   .     (helmet restricted)
rElec  .         Dismiss  .     (no cloak)
rCorr  .         Reflect  .     k - +0 pair of gloves
SustAt .         Harm     .     (no boots)
MR     .....                    (no amulet)
Stlth  +.........               (no ring)
                                (no ring)

@: lethally poisoned (0 -> -6)
A: unfitting armour, cold-blooded, AC +4
a: no special abilities


You were on level 1 of the Dungeon.
You were not hungry.

You visited 1 branch of the dungeon, and saw 2 of its levels.

You collected 21 gold pieces.

Inventory:

Hand Weapons
 a - a +2 shortbow
 b - a +0 blowgun
 c - a +0 hand axe (weapon)
Missiles
 d - 4 poisoned needles
 e - 17 arrows
Armour
 k - a +0 pair of gloves (worn)
Jewellery
 q - a +3 ring of protection {unknown}
Scrolls
 j - a scroll of fog {unknown}
 n - a scroll of blinking {unknown}
 o - a scroll of enchant armour {unknown}
 p - a scroll of identify {unknown}
Potions
 m - a potion of degeneration
Comestibles
 f - a bread ration
 g - 2 beef jerkies
 h - a chunk of flesh
 i - a meat ration
 l - a royal jelly


   Skills:
 - Level 3.2 Fighting
 + Level 4.0 Axes
 - Level 1.7 Bows
 - Level 1.0 Throwing
 - Level 1.0 Stealth


You had one spell level left.
You didn't know any spells.

Dungeon Overview and Level Annotations

Branches:
Dungeon (2/15)

Altars:


Innate Abilities, Weirdness & Mutations

Your plain brown scales are hard. (AC +4)
Your body does not fit into most forms of armour.
You are cold-blooded and may be slowed by cold attacks.


Message History

You climb upwards.
* * * LOW HITPOINT WARNING * * *
You feel sick.
There is a stone staircase leading down here.
* * * LOW HITPOINT WARNING * * *
You feel sick. The adder barely misses you.
The giant newt bites you but does no damage.
Wield which item (- for none, * to show all)? (? for menu, Esc to quit)
c - a +0 hand axe (weapon)
* * * LOW HITPOINT WARNING * * *
You feel sick. The adder completely misses you.
It was a potion of degeneration.
There was something very wrong with that liquid.
You feel weakened.
You feel dopey.
You feel clumsy. The adder closely misses you.
You hit the adder.
The adder is heavily wounded.
* * * LOW HITPOINT WARNING * * *
You feel sick. The adder bites you.
You die...

## ##.## ##.##.....# #######.##.#
# ##.#.## #........# #.......##.#
###.###.#######>.#.###.########.#
##.## ##................# #.#
#..# #########.#.####.# #.#
#.##############.#.# #.# #.#
................l..# ##.## #.#
################S### #...######.#
#@#####...........
#.........######## ###########


You could see an adder and a giant newt.

Vanquished Creatures
  6 bats (D:1)
  A giant cockroach (D:1)
  A goblin (D:1)
  2 hobgoblins (D:1)
  4 jackals (D:1)
  4 giant newts (D:1)
  2 kobolds (D:1)
  A rat (D:1)
21 creatures vanquished.

Notes
Turn   | Place    | Note
-------+----------+-------------------------------------------
     0 | D:1      | GordonOverkill the Draconian Wanderer began the quest for the Orb.
     0 | D:1      | GordonOverkill set off with: a +2 shortbow, 25 arrows, a +0 hand axe, 12 poisoned needles, a +0 blowgun, a bread ration
     0 | D:1      | Reached XP level 1. HP: 19/19 MP: 1/1
   242 | D:1      | Reached XP level 2. HP: 26/26 MP: 2/2
   652 | D:1      | Reached skill level 4 in Axes
   949 | D:1      | Slain by an adder

Vault maps used:
D:1:      minmay_arrival_diagonal_passages, minmay_misc_feat_x,
          kennysheep_flooded_box, minmay_misc_feat_roman, serial_park_tiny_1
D:2:      lemuel_zombie_altar_yredelemnul, kennysheep_generic_room_15

Skill      XL: |  1  2 |
---------------+-------+-----
Axes           | 4 |  4.0
Fighting       | |  3.2
Bows           | |  1.7
Throwing       | |  1.0
Stealth        | |  1.0

Action                   || total
-------------------------++-------
Melee: Hand axe          ||     1
 Fire: Shortbow          ||    60
       Blowgun           ||     8
  Use: Potion            ||     1
Armor: Skin              ||    18
Dodge: Dodged            ||    25
